 Dungeon Crawl Stone Soup version 0.23.0 (webtiles) character file.

Game seed: 842646723680641754

376753 gohu the Impregnable (level 21, -1/306 HPs)
             Began as a Minotaur Fighter on Feb 10, 2019.
             Was the Champion of Trog.
             Killed from afar by a deep elf death mage (4 damage)
             ... with a bolt of negative energy
             ... on level 5 of the Vaults.
             The game lasted 02:40:23 (42141 turns).

gohu the Impregnable (Minotaur Fighter)            Turns: 42141, Time: 02:40:24

Health: -1/306     AC: 31    Str: 35    XL:     21   Next: 81%
Magic:  20/20      EV: 17    Int:  5    God:    Trog [******]
Gold:   1306       SH: 28    Dex: 16    Spells: 20/20 levels left

rFire    + + .     SeeInvis +   m - +5 broad axe "Beetlebane" {flame, rC+ SInv}
rCold    + . .     Gourm    .   P - +0 large shield
rNeg     + . .     Faith    .   F - +0 plate armour
rPois    .         Spirit   .   t - +2 hat
rElec    .         Reflect  +   a - +2 cloak {MR+}
rCorr    .         Harm     .   B - +1 pair of gloves of the Devil's Advocate {rF+ Regen+}
MR       ++...                  o - +1 pair of boots {run}
Stlth    ..........             L - +2 amulet of reflection
HPRegen  1.01/turn              M - ring of protection from fire
MPRegen  0.17/turn              W - ring of the Jackalope {rN+ Str+5}

@: berserking, marked, constricted, lightly drained, very quick
A: retaliatory headbutt, horns 2
}: 2/15 runes: serpentine, barnacled
a: Berserk, Trog's Hand, Brothers in Arms, Renounce Religion


You were on level 5 of the Vaults.
You worshipped Trog.
Trog was exalted by your worship.
You were near starving.

You visited 6 branches of the dungeon, and saw 36 of its levels.
You visited the Abyss 1 time.
You visited 1 bazaar.
You also visited: Sewer and Ice Cave.

You collected 4383 gold pieces.
You spent 3077 gold pieces at shops.

Inventory:

Hand Weapons
 m - the +5 broad axe "Beetlebane" (weapon) {flame, rC+ SInv}
   (Trog gifted it to you on level 4 of the Snake Pit)

   It has been specially enchanted to burn those struck by it, causing extra
   injury to most foes and up to half again as much damage against particularly
   susceptible opponents.
   Big, fiery blades are also staple armaments of hydra-hunters.
   It protects you from cold.
   It lets you see invisible.
 E - a +6 antimagic executioner's axe
 Z - a +5 executioner's axe of draining
Missiles
 y - 42 poisoned javelins (quivered)
 A - 37 javelins
 Q - 15 silver javelins
 T - 5 throwing nets
Armour
 a - a +2 cloak of magic resistance (worn)
 c - a +2 cloak of poison resistance
 o - a +1 pair of boots of running (worn)
 p - a scarf of resistance
 t - a +2 hat (worn)
 B - the +1 pair of gloves of the Devil's Advocate (worn) {rF+ Regen+}
   (You acquired it on level 14 of the Dungeon)

   It protects you from fire.
   It increases your rate of regeneration.
 F - a +0 plate armour (worn)
 P - a +0 large shield (worn)
Jewellery
 b - an uncursed ring of protection from cold
 i - an uncursed ring of protection from magic {unknown}
 L - a +2 amulet of reflection (around neck)
 M - a ring of protection from fire (left hand)
 N - an uncursed ring of see invisible
 W - the ring of the Jackalope (right hand) {rN+ Str+5}
   (You found it on level 4 of the Shoals)

   [ring of strength]

   It affects your strength (+5).
   It protects you from negative energy.
Wands
 g - a wand of scattershot (4)
 s - a wand of disintegration (50)
 D - a wand of digging (3)
 I - a wand of acid (13)
 X - a wand of paralysis (18)
Scrolls
 e - 5 scrolls of remove curse
 h - 2 scrolls of holy word
 j - a scroll of immolation
 k - 6 scrolls of enchant armour
 n - 2 scrolls of magic mapping
 r - 17 scrolls of teleportation
 w - 4 scrolls of fog
 R - a scroll of brand weapon
 S - 5 scrolls of blinking
 U - 3 scrolls of fear
 V - 18 scrolls of identify
 Y - 4 scrolls of enchant weapon
Potions
 d - 4 potions of might
 l - 13 potions of curing
 v - 6 potions of heal wounds
 C - 3 potions of resistance
 G - 4 potions of haste
 H - 4 potions of invisibility
 J - 2 potions of flight
 K - a potion of agility
Comestibles
 f - 56 rations
 q - 5 chunks of flesh


   Skills:
 + Level 21.3(21.0) Fighting
 - Level 17.0(16.7) Axes
 + Level 22.3(21.9) Armour
 + Level 17.8(17.4) Dodging
 * Level 21.6(21.3) Shields


You had 20 spell levels left.
You didn't know any spells.
Your spell library was empty.

Dungeon Overview and Level Annotations

Branches:
Dungeon (15/15)            Temple (0/1) D:6            Lair (6/6) D:9
 Shoals (4/4) Lair:2        Snake (4/4) Lair:4        Slime (0/5) Lair:5
    Orc (2/2) D:10            Elf (0/3) Orc:2        Vaults (5/5) D:14
  Crypt (0/3) Vaults:2     Depths (0/5) D:15

Altars:
Dithmenos
Fedhas
Gozag
Hepliaklqana
Kikubaaqudgha
Makhleb
Nemelex Xobeh
Ru
Sif Muna
Trog
Vehumet
Wu Jian
Yredelemnul
Zin
Beogh

Shops:
D:6 *   D:7 :   Orc:2 (??}   Shoals:3 [   Snake:1 (:*   Snake:4 (*%[
Vaults:2 *   Vaults:4 *?(   Vaults:5 !

Portals:
Trove: Vaults:3 (give +2 gold dragon scales)

Annotations:
D:3 exclusion: downstairs
D:13 exclusion: orange crystal statue
Lair:1 exclusion: oklob plant
Snake:4 1 exclusion
Vaults:4 8 runed translucent doors, Yjimoseergh's ghost, adept SpFE


Innate Abilities, Weirdness & Mutations

You reflexively headbutt those who attack you in melee.
You have a pair of horns on your head.


Message History

You block the tentacled monstrosity's attack.
The tentacled monstrosity misses you.
The tentacled monstrosity tentacle-slaps you but does no damage.
The tentacled monstrosity grabs you.
* * * LOW HITPOINT WARNING * * *
The tentacled monstrosity constricts you.
You slice the ghostly spark wasp!! You burn the ghostly spark wasp!
Your headbutt misses the ghostly spark wasp.
The ghostly spark wasp is almost destroyed.
You completely miss the tentacled monstrosity.
You miss the deep elf elementalist.
You block the ghostly spark wasp's attack.
The deep elf elementalist hits you with a +1 long sword of slicing.
* * * LOW HITPOINT WARNING * * *
x2 You block the ghostly vault guard's attack.
The deep elf death mage casts a spell at you.
The bolt of negative energy hits the ghostly spark wasp.
The ghostly spark wasp completely resists.
The bolt of negative energy hits you. You partially resist.
You feel drained.
You die...

#########################
....QsDe)................
...OecpX@................
..c..epy#################


'.D.pCOep . ##...p#Q## # #..D.#*# # #....#C. #... #.. #... #.. You could see a
shadow dragon, a tentacled monstrosity, 2 titans, a golden dragon, a storm
dragon, 2 tengu reavers, 3 vault guards, a ghostly vault guard, a deep elf death
mage, a ghostly spark wasp shaped shifter, a deep elf elementalist, a wolf
spider, 2 two-headed ogres, 2 yaktaurs, 2 deep elf magi and a battlesphere.

Vanquished Creatures
  An ancient lich (Vaults:5)
  A golden dragon (Vaults:5)
  Jory (Vaults:3)
  5 tentacled monstrosities (Vaults:5)
  A lich (Vaults:5)
  6 titans (Vaults:5)
  Kirke (Snake:4)
  2 tentacled starspawn (Abyss:3)
  Polyphemus (Shoals:3)
  An Executioner (Abyss:3)
  2 sphinxes (Vaults:5)
  A tengu reaver (Vaults:5)
  5 shadow dragons
  9 nagarajas
  3 fire giants
  A frost giant (Vaults:3)
  An iron dragon (Vaults:5)
  17 vault wardens
  11 ironheart preservers
  6 entropy weavers
  3 war gargoyles (Vaults:5)
  10 stone giants
  2 very ugly things (IceCv)
  4 deep elf demonologists
  3 deep elf annihilators
  2 deep elf death magi
  4 ettins
  2 merfolk javelineers (Shoals:4)
  Josephine (Orc:2)
  14 ogre magi
  5 merfolk impalers
  9 hydras
  8 yaktaur captains
  A great orb of eyes (Vaults:5)
  4 ice dragons
  Erolcha (D:12)
  23 vault guards
  3 rakshasas
  13 naga warriors
  An anaconda (shapeshifter) (Vaults:1)
  2 catoblepae
  5 anacondas
  6 centaur warriors
  2 death knights (Vaults:2)
  3 merfolk avatars
  2 merfolk aquamancers (Shoals:4)
  A tengu warrior (D:12)
  33 two-headed ogres
  2 satyrs
  A dancing weapon (Vaults:5)
  A queen ant (Lair:2)
  6 death yaks
  5 thrashing horrors (Abyss:3)
  An orc high priest (Orc:1)
  11 naga sharpshooters
  2 deep troll shamans (Vaults:3)
  Urug (D:13)
  6 shock serpents
  Nergalle (Orc:2)
  8 deep elf knights
  3 shadow wraiths
  3 salamander mystics
  A sixfirhy (Abyss:3)
  An unseen horror (D:15)
  An unseen horror (shapeshifter) (Vaults:3)
  4 wizards
  9 naga ritualists
  A swamp dragon (shapeshifter) (Vaults:3)
  8 deep trolls
  7 sea snakes
  6 deep elf archers
  13 ironbrand convokers
  A flayed ghost (Vaults:2)
  Pikel (D:7)
  20 harpies
  3 large abominations (Abyss:3)
  A mana viper (shapeshifter) (Vaults:2)
  18 orc knights
  20 deep elf magi
  A necromancer (Vaults:1)
  4 phantasmal warriors (Vaults:5)
  A wolf spider zombie (D:15)
  2 wolf spiders (Vaults:2)
  18 manticores
  9 fauns
  A cyclops (D:13)
  A worldbinder (Abyss:3)
  7 orc sorcerers
  5 mana vipers
  16 salamanders
  2 merfolk sirens
  10 elephants
  3 guardian serpents
  10 vault sentinels
  32 naga magi
  5 ice statues (IceCv)
  26 ugly things
  30 black mambas
  A smoke demon (Abyss:3)
  11 spiny frogs
  3 gargoyles
  A guardian serpent (shapeshifter) (Vaults:4)
  3 eyes of devastation (Abyss:3)
  Maurice (D:13)
  7 water nymphs
  A yaktaur zombie (Vaults:1)
  A spiny frog (shapeshifter) (Vaults:3)
  A komodo dragon (shapeshifter) (Vaults:2)
  An anaconda simulacrum (IceCv)
  A kobold demonologist (D:15)
  40 yaktaurs
  5 komodo dragons
  A yaktaur (shapeshifter) (Vaults:4)
  A freezing wraith (Vaults:4)
  A guardian mummy (Vaults:3)
  A tengu conjurer (D:12)
  10 trolls
  A jumping spider (shapeshifter) (Vaults:3)
  A jumping spider (Vaults:4)
  27 merfolk
  3 meliai (D:14)
  10 wind drakes
  5 polar bears (Lair:6)
  A troll (shapeshifter) (Vaults:2)
  9 hornets
  18 blink frogs
  13 snapping turtles
  A dream sheep (shapeshifter) (Vaults:5)
  16 hippogriffs
  2 raiju (Abyss:3)
  17 slime creatures
  A hippogriff (shapeshifter) (Vaults:4)
  2 dream sheep (D:9)
  Prince Ribbit (D:8)
  An ice dragon skeleton (Vaults:1)
  10 redbacks
  3 flying skulls (Abyss:3)
  6 water elementals
  Sigmund (D:4)
  5 small abominations
  3 tarantellas
  A tarantella (shapeshifter) (Vaults:4)
  7 wraiths
  A wyvern (Lair:1)
  47 yaks
  A golden eye (Abyss:3)
  2 golden eyes (shapeshifter)
  2 hungry ghosts
  4 vampire mosquitoes (D:15)
  6 basilisks
  A warg (shapeshifter) (Vaults:2)
  An iron troll simulacrum (IceCv)
  47 nagas
  A swamp worm (shapeshifter) (Vaults:5)
  3 harpy simulacra (IceCv)
  5 wargs
  An acid dragon (Vaults:2)
  2 hydra simulacra (IceCv)
  16 soldier ants (Lair:2)
  18 water moccasins
  Purgy (Sewer)
  8 porcupines
  12 ice beasts
  35 orc warriors
  2 black bears
  3 sky beasts
  An ice beast (shapeshifter) (D:15)
  3 ettin simulacra
  2 slaves (D:7)
  A phantom (D:10)
  6 boggarts (Vaults:3)
  2 eyes of draining
  39 ogres
  13 centaurs
  7 wolves (Lair:6)
  2 human zombies (Vaults:1)
  12 crocodiles
  4 big kobolds
  17 bullfrogs
  A gnoll sergeant (D:11)
  2 wyvern zombies
  A deep troll simulacrum (Vaults:3)
  4 scorpions
  An elf simulacrum (Vaults:1)
  12 wights
  12 killer bees
  6 electric eels
  2 howler monkeys
  6 crimson imps
  5 starcursed masses (Abyss:3)
  A quasit (D:11)
  3 bullfrog zombies
  2 centaur zombies (D:10)
  4 hounds
  16 orc priests
  An iron imp (Abyss:3)
  3 jellies
  39 orc wizards
  4 centaur skeletons
  Terence (D:3)
  4 iguanas
  42 worker ants
  A killer bee zombie (D:7)
  2 hound skeletons (D:4)
  2 hound zombies (D:5)
  2 worker ant zombies
  Robin (D:3)
  11 gnolls
  A river rat (D:6)
  13 adders
  7 shadow imps
  An adder skeleton (D:5)
  An adder zombie (D:5)
  2 dart slugs
  9 leopard geckos
  110 orcs
  2 ball pythons
  8 giant cockroaches
  16 goblins
  10 hobgoblins
  11 jackals
  11 kobolds
  5 quokkas
  7 bats
  5 frilled lizards
  A jackal zombie (D:6)
  A leopard gecko skeleton (D:6)
  4 rats
  A butterfly (Lair:3)
  2 fungi
  A lurking horror (Abyss:3)
  18 plants
1614 creatures vanquished.

Vanquished Creatures (collateral kills)
  2 merfolk impalers (Shoals:4)
  A hydra (Lair:6)
  A catoblepas (Lair:6)
  A deep troll shaman (Lair:6)
  3 death yaks (Lair:6)
  2 wolves (Lair:6)
10 creatures vanquished.

Vanquished Creatures (others)
  A stone giant (Vaults:5)
  3 merfolk javelineers (Shoals:4)
  An ogre mage (Vaults:3)
  3 deep elf archers
  A deep elf mage (Vaults:2)
  2 vault sentinels
  5 yaktaurs
  4 humans (Snake:4)
  A sky beast (D:14)
  2 centaurs (Vaults:3)
  A scorpion (D:14)
  A hound (D:14)
  2 orc wizards
  2 orcs (Vaults:2)
  6 fungi
  9 starspawn tentacles (Abyss:3)
44 creatures vanquished.

Grand Total: 1668 creatures vanquished

Notes
Turn   | Place    | Note
-------+----------+-------------------------------------------
     0 | D:1      | gohu the Minotaur Fighter began the quest for the Orb.
     0 | D:1      | Reached XP level 1. HP: 19/19 MP: 0/0
   285 | D:1      | Reached XP level 2. HP: 26/26 MP: 1/1
   356 | D:1      | Reached skill level 4 in Armour
   954 | D:2      | Reached XP level 3. HP: 25/31 MP: 2/2
   989 | D:2      | Found an opulent altar of Gozag.
  1381 | D:3      | Noticed Robin
  1432 | D:3      | Noticed Terence
  1435 | D:3      | Killed Terence
  1435 | D:3      | Reached XP level 4. HP: 31/39 MP: 3/3
  1475 | D:3      | Identified a +0 pair of boots of running (You found it on
                  | level 3 of the Dungeon)
  1494 | D:3      | Reached skill level 5 in Axes
  1532 | D:3      | Reached skill level 5 in Armour
  1532 | D:3      | Reached XP level 5. HP: 22/45 MP: 4/4
  1770 | D:3      | Killed Robin
  1865 | D:3      | Found a faded altar of an unknown god.
  1925 | D:3      | Reached XP level 6. HP: 40/51 MP: 5/5
  2340 | D:4      | Noticed Sigmund
  2367 | D:4      | Found a bloodstained altar of Trog.
  2383 | D:4      | Became a worshipper of Trog the Wrathful
  2850 | D:4      | Reached skill level 6 in Armour
  2993 | D:5      | Entered Level 5 of the Dungeon
  3026 | D:5      | Reached XP level 7. HP: 57/57 MP: 6/6
  3132 | D:5      | Reached * piety under Trog
  3819 | D:6      | Found a glowing drain.
  3823 | Sewer    | Entered a sewer
  3928 | Sewer    | Noticed Purgy
  3953 | Sewer    | Killed Purgy
  3953 | Sewer    | Reached skill level 7 in Armour
  4289 | D:4      | Killed Sigmund
  4289 | D:4      | Reached XP level 8. HP: 58/64 MP: 7/7
  4428 | D:6      | Reached ** piety under Trog
  4463 | D:6      | Found a deep blue altar of Sif Muna.
  4577 | D:6      | Found Bourazea's General Store.
  4590 | D:6      | Bought a potion of resistance for 150 gold pieces
  4599 | D:6      | Reached skill level 10 in Axes
  4616 | D:6      | Found an ancient bone altar of Kikubaaqudgha.
  4641 | D:6      | Found an ornate altar of the Wu Jian Council.
  4823 | D:6      | Found a staircase to the Ecumenical Temple.
  4854 | D:6      | Reached skill level 8 in Armour
  5079 | D:6      | Found a sparkling altar of Nemelex Xobeh.
  5696 | D:7      | Reached *** piety under Trog
  5706 | D:7      | Noticed Pikel
  5724 | D:7      | Reached XP level 9. HP: 55/71 MP: 8/8
  5726 | D:7      | Killed Pikel
  5726 | D:7      | Reached skill level 9 in Armour
  5799 | D:7      | Found Ykhlor's Book Shoppe.
  6100 | D:8      | Noticed Prince Ribbit
  6137 | D:8      | Killed Prince Ribbit
  6137 | D:8      | Reached skill level 5 in Fighting
  6343 | D:8      | Found a glowing silver altar of Zin.
  6343 | D:8      | Found a burning altar of Makhleb.
  6344 | D:8      | Noticed a blizzard demon
  6344 | D:8      | Noticed an angel
  6363 | D:8      | Found a sacrificial altar of Ru.
  6426 | D:8      | Found a shadowy altar of Dithmenos.
  6535 | D:8      | Reached skill level 10 in Armour
  6588 | D:8      | Found a basalt altar of Yredelemnul.
  6864 | D:9      | Noticed a death yak
  6872 | D:9      | Noticed an elephant
  6883 | D:9      | Killed a death yak
  6883 | D:9      | Reached XP level 10. HP: 84/84 MP: 9/9
  6889 | D:9      | Killed an elephant
  7459 | D:9      | Reached **** piety under Trog
  7574 | D:9      | Noticed a three-headed hydra
  7585 | D:9      | Killed a ten-headed hydra
  7585 | D:9      | Reached skill level 11 in Armour
  8023 | D:9      | Found a staircase to the Lair.
  8189 | D:9      | Reached skill level 5 in Shields
  8300 | D:9      | Found a hazy altar of Hepliaklqana.
  8436 | D:10     | Entered Level 10 of the Dungeon
  8762 | Lair:1   | Entered Level 1 of the Lair of Beasts
  8848 | Lair:1   | Noticed a spiny frog
  8866 | Lair:1   | Killed a spiny frog
  8866 | Lair:1   | Reached XP level 11. HP: 50/94 MP: 10/10
  8870 | Lair:1   | Received a gift from Trog
 10282 | Lair:1   | Reached skill level 15 in Axes
 10335 | Lair:1   | Noticed an oklob plant
 10848 | Lair:2   | Noticed a queen ant
 10905 | Lair:2   | Killed a queen ant
 11167 | Lair:2   | Reached skill level 12 in Armour
 11235 | Lair:2   | Reached ***** piety under Trog
 11623 | Lair:2   | Found a staircase to the Shoals.
 12126 | Lair:3   | Reached XP level 12. HP: 106/106 MP: 11/11
 12191 | Lair:3   | Noticed a seven-headed hydra
 12217 | Lair:3   | Killed a seven-headed hydra
 12217 | Lair:3   | Reached skill level 10 in Fighting
 12396 | Lair:3   | Noticed a four-headed hydra
 12413 | Lair:3   | Killed a four-headed hydra
 12524 | Lair:3   | Reached skill level 13 in Armour
 13212 | Lair:4   | Received a gift from Trog
 13255 | Lair:4   | Found a staircase to the Snake Pit.
 13562 | Lair:4   | Noticed a five-headed hydra
 13571 | Lair:4   | Killed a five-headed hydra
 13571 | Lair:4   | Reached skill level 14 in Armour
 14017 | Lair:4   | Reached XP level 13. HP: 118/118 MP: 12/12
 14023 | Lair:4   | Reached skill level 10 in Shields
 15044 | Lair:5   | Found the +8 whip "Snakebite" {curare, rPois}
 15290 | Lair:5   | Found a staircase to the Slime Pits.
 15773 | Lair:6   | Entered Level 6 of the Lair of Beasts
 16483 | Lair:6   | Found a hazy altar of Hepliaklqana.
 16891 | Lair:6   | Reached skill level 15 in Armour
 16945 | Lair:6   | HP: 1/122 [catoblepas (8)]
 18151 | D:10     | Reached skill level 1 in Dodging
 18159 | D:10     | Found a staircase to the Orcish Mines.
 18426 | D:10     | Reached XP level 14. HP: 128/130 MP: 13/13
 18873 | D:11     | Reached ****** piety under Trog
 18873 | D:11     | Received a gift from Trog
 18902 | D:11     | Reached skill level 5 in Dodging
 19368 | D:12     | Identified the +4 war axe "Qoetanig" {speed, *Rage Dex+8}
 19557 | D:12     | Noticed Erolcha
 19579 | D:12     | Killed Erolcha
 19989 | D:12     | Found a sparkling altar of Nemelex Xobeh.
 20215 | Orc:1    | Entered Level 1 of the Orcish Mines
 20288 | Orc:1    | Found a roughly hewn altar of Beogh.
 20512 | Orc:1    | Received a gift from Trog
 20609 | Orc:2    | Entered Level 2 of the Orcish Mines
 20828 | Orc:2    | Noticed Josephine
 20842 | Orc:2    | Killed Josephine
 20880 | Orc:2    | Found a staircase to the Elven Halls.
 21091 | Orc:2    | Noticed a stone giant
 21097 | Orc:2    | Killed a stone giant
 21366 | Orc:2    | Paralysed by an orc sorcerer for 2 turns
 21612 | Orc:2    | Found Poxug's Gadget Emporium.
 21854 | Orc:2    | Found an ancient bone altar of Kikubaaqudgha.
 21855 | Orc:2    | Noticed Nergalle
 21869 | Orc:2    | Killed Nergalle
 21869 | Orc:2    | Reached skill level 16 in Armour
 21888 | Orc:2    | Received a gift from Trog
 21900 | Orc:2    | Found a radiant altar of Vehumet.
 21954 | Orc:2    | Paralysed by an orc sorcerer for 4 turns
 21969 | Orc:2    | Found a roughly hewn altar of Beogh.
 21969 | Orc:2    | Found Vizuvod's Antique Weapon Emporium.
 21991 | Orc:2    | Found Wuunyihi's Magic Scroll Shoppe.
 22011 | Orc:2    | Found Hietull's Magic Scroll Emporium.
 22022 | Orc:2    | Bought a scroll of blinking for 105 gold pieces
 22031 | Orc:2    | Bought a scroll of blinking for 120 gold pieces
 22184 | D:13     | Noticed Maurice
 22196 | D:13     | Killed Maurice
 22566 | D:13     | Noticed Urug
 22576 | D:13     | Killed Urug
 22704 | D:13     | Reached XP level 15. HP: 126/139 MP: 14/14
 22773 | D:13     | Received a gift from Trog
 23149 | D:14     | Found a gate to the Vaults.
 23774 | D:15     | Entered Level 15 of the Dungeon
 23854 | D:15     | Reached skill level 15 in Fighting
 24256 | D:14     | Identified a scroll of acquirement
 24259 | D:14     | Got a pair of ichor-stained gloves
 24270 | D:14     | Identified the +1 pair of gloves of the Devil's Advocate
                  | {rF+ Regen+} (You acquired it on level 14 of the Dungeon)
 24877 | D:15     | Found a blossoming altar of Fedhas.
 24976 | D:15     | Found a staircase to the Depths.
 25328 | Snake:1  | Entered Level 1 of the Snake Pit
 25328 | Snake:1  | Found Wetahan's Book Emporium.
 25361 | Snake:1  | Found Tiumaumi's Weapon Shoppe.
 25409 | Snake:1  | Found Keuvicsa's General Store.
 25445 | Snake:1  | Found a frozen archway.
 25449 | IceCv    | Entered an ice cave
 25479 | IceCv    | Received a gift from Trog
 25624 | IceCv    | Reached skill level 10 in Dodging
 26197 | Snake:1  | Reached skill level 17 in Armour
 27103 | Snake:2  | Noticed a nagaraja
 27125 | Snake:2  | Killed a nagaraja
 27497 | Snake:2  | Received a gift from Trog
 27497 | Snake:2  | Reached XP level 16. HP: 142/151 MP: 15/15
 28661 | Snake:4  | Entered Level 4 of the Snake Pit
 28866 | Snake:4  | Found Hosuc's Antique Armour Emporium.
 28866 | Snake:4  | Found Xata's Weapon Shoppe.
 28898 | Snake:4  | Reached skill level 15 in Shields
 28911 | Snake:4  | Found Nesch's Food Emporium.
 28911 | Snake:4  | Found Eleruc's General Store.
 29079 | Snake:4  | Received a gift from Trog
 29173 | Snake:4  | Bought a scroll of enchant weapon for 105 gold pieces
 29479 | Snake:4  | Noticed Kirke
 29496 | Snake:4  | Killed Kirke
 29496 | Snake:4  | Reached skill level 18 in Armour
 30707 | Snake:4  | Reached XP level 17. HP: 149/160 MP: 16/16
 30756 | Snake:4  | Received a gift from Trog
 30757 | Snake:4  | Got a shimmering broad axe {god gift}
 30770 | Snake:3  | Identified the +5 broad axe "Beetlebane" {flame, rC+ SInv}
                  | (Trog gifted it to you on level 4 of the Snake Pit)
 31166 | Snake:4  | Got a serpentine rune of Zot
 31372 | Shoals:1 | Entered Level 1 of the Shoals
 31498 | Shoals:1 | Received a gift from Trog
 32059 | Shoals:2 | Reached skill level 19 in Armour
 32812 | Shoals:3 | Noticed Polyphemus
 32837 | Shoals:3 | Killed Polyphemus
 33110 | Shoals:3 | Received a gift from Trog
 33335 | Shoals:3 | Found Dihek's Antique Armour Emporium.
 33366 | Shoals:3 | Bought a pair of ichor-stained boots for 256 gold pieces
 33376 | Shoals:3 | Identified the -2 pair of boots of Thoughtfulness {Stlth+}
                  | (You bought it in a shop on level 3 of the Shoals)
 33427 | Shoals:4 | Entered Level 4 of the Shoals
 33907 | Shoals:4 | Reached XP level 18. HP: 29/173 MP: 17/17
 34062 | Shoals:4 | Got a barnacled rune of Zot
 34114 | Shoals:4 | Received a gift from Trog
 34542 | Shoals:4 | Got a faintly glowing silver ring
 34544 | Shoals:4 | Identified the ring of the Jackalope {rN+ Str+5} (You found
                  | it on level 4 of the Shoals)
 34792 | Vaults:1 | Entered Level 1 of the Vaults
 34983 | Vaults:1 | Reached skill level 20 in Armour
 35473 | Vaults:1 | Reached skill level 15 in Dodging
 35538 | Vaults:1 | You fall through a shaft!
 35544 | Vaults:2 | Received a gift from Trog
 36038 | Vaults:2 | Received a gift from Trog
 36098 | Vaults:2 | Reached XP level 19. HP: 145/183 MP: 18/18
 36112 | Vaults:2 | Found Xydghuto's General Store.
 36759 | Vaults:2 | Found a staircase to the Crypt.
 37004 | Vaults:2 | Received a gift from Trog
 37331 | Vaults:2 | Paralysed by an ogre mage for 2 turns
 37863 | Vaults:3 | Received a gift from Trog
 37868 | Vaults:3 | Cast into level 3 of the Abyss (a distortion unwield)
 37917 | Abyss:3  | Reached skill level 21 in Armour
 38202 | Abyss:3  | Reached XP level 20. HP: 101/193 MP: 19/19
 38223 | Vaults:3 | Escaped the Abyss
 38364 | Vaults:3 | Noticed Jory
 38387 | Vaults:3 | Killed Jory
 39111 | Vaults:3 | Received a gift from Trog
 39196 | Vaults:3 | Found a portal to a secret trove of treasure.
 39569 | Vaults:4 | Found Cikeusch's General Store.
 39719 | Vaults:4 | Found Tobrauro's Weapon Shoppe.
 39796 | Vaults:4 | HP: 5/195 [deep elf archer/arrow (28)]
 39954 | Vaults:4 | Got a pair of transparent gloves
 39963 | Vaults:4 | Found Robamuiq's Magic Scroll Shoppe.
 39980 | Vaults:4 | Found a large runed translucent door.
 39981 | Vaults:4 | Found a large runed translucent door.
 40004 | Vaults:4 | Found a flickering gateway to a bazaar.
 40013 | Bazaar   | Entered a bazaar
 40014 | Bazaar   | Found Metam's General Store.
 40028 | Bazaar   | Found Qovapp's Book Shoppe.
 40037 | Bazaar   | Found Yfoeqymadu's Food Shoppe.
 40057 | Bazaar   | Found Eddaklig's Gadget Shop.
 40156 | Vaults:4 | Identified the +0 pair of gloves of Too Many Cooks {+Blink
                  | Slay+3} (You found it on level 4 of the Vaults)
 40240 | Vaults:4 | Bought a scroll of acquirement for 1092 gold pieces
 40240 | Vaults:4 | Bought a scroll of blinking for 157 gold pieces
 40240 | Vaults:4 | Bought a scroll of acquirement for 1092 gold pieces
 40247 | Vaults:4 | Got a pair of shimmering boots
 40258 | Vaults:4 | Identified the +1 pair of boots of Neatheon {Dex-5 Slay+4
                  | SInv} (You acquired it on level 4 of the Vaults)
 40542 | Vaults:4 | Received a gift from Trog
 40759 | Vaults:4 | Found a large runed translucent door.
 40759 | Vaults:4 | Noticed Yjimoseergh's ghost (adept SpFE)
 40760 | Vaults:4 | Found a large runed translucent door.
 40760 | Vaults:4 | Found a large runed translucent door.
 40764 | Vaults:4 | Found a large runed translucent door.
 40764 | Vaults:4 | Found a large runed translucent door.
 40764 | Vaults:4 | Found a large runed translucent door.
 41023 | Vaults:5 | Entered Level 5 of the Vaults
 41070 | Vaults:5 | Received a gift from Trog
 41075 | Vaults:5 | Noticed an ancient lich
 41077 | Vaults:5 | Reached XP level 21. HP: 202/202 MP: 20/20
 41109 | Vaults:5 | Killed an ancient lich
 41157 | Vaults:5 | Found Ruyggiy's Distillery.
 41536 | Vaults:5 | Reached skill level 22 in Armour
 41538 | Vaults:5 | Identified the +4 short sword of Bankruptcy {pain, rPois
                  | MR+ Str+5}
 41569 | Vaults:5 | Noticed a golden dragon
 41589 | Vaults:5 | Killed a golden dragon
 41956 | Vaults:5 | Received a gift from Trog
 42121 | Vaults:5 | Identified the cursed +1 spear "Grom" {elec, +Inv rF+ SInv}
 42129 | Vaults:5 | Identified the +2 scale mail "Tiso Wem" {rF+ rN+ Dex+4}
 42135 | Vaults:5 | Noticed a golden dragon
 42139 | Vaults:5 | HP: 14/306 [titan/the air (11)]
 42141 | Vaults:5 | HP: 4/306 [deep elf elementalist/+1 long sword of slicing
                  | (5)]
 42141 | Vaults:5 | Killed from afar by a deep elf death mage

Skill      XL: |  1  2  3  4  5  6  7  8  9 10 11 12 13 14 15 16 17 18 19 20 21 |
---------------+----------------------------------------------------------------+-----
Axes           | 3 4 5 6 7 9 11 13 14 16 17 | 17.0
Armour         | 4 5 6 7 8 10 11 12 14 15 16 17 18 19 20 21 22 | 22.3
Fighting       | 6 8 9 12 13 14 15 16 18 19 20 21 | 21.3
Shields        | 5 7 9 12 13 14 15 17 18 20 21 | 21.6
Dodging        | 3 8 10 12 14 15 16 17 | 17.8

Action                   |  1- 3 |  4- 6 |  7- 9 | 10-12 | 13-15 | 16-18 | 19-21 || total
-------------------------+-------+-------+-------+-------+-------+-------+-------++-------
Melee: War axe           |    80 |   145 |   342 |   140 |       |       |       ||   707
       Headbutt          |    14 |    23 |    69 |   148 |   295 |   386 |   411 ||  1346
       Broad axe         |       |       |       |   382 |  1301 |  1354 |  1285 ||  4322
       Battleaxe         |       |       |       |    43 |       |       |       ||    43
       Morningstar       |       |       |       |    14 |     9 |       |       ||    23
       Executioner's axe |       |       |       |       |       |    75 |       ||    75
Throw: Javelin           |       |       |       |     8 |       |     2 |       ||    10
       Tomahawk          |       |       |       |    23 |     3 |       |       ||    26
Invok: Berserk           |       |       |     1 |     5 |     9 |     8 |     1 ||    24
       Trog's Hand       |       |       |     1 |       |     2 |     4 |     5 ||    12
       Brothers in Arms  |       |       |       |       |     2 |     2 |       ||     4
Evoke: Wand              |       |       |       |     2 |     4 |     4 |       ||    10
  Use: Scroll            |       |       |     3 |    10 |    21 |     3 |     7 ||    44
       Potion            |       |       |       |     1 |     3 |     4 |     5 ||    13
 Stab: Distracted        |       |     1 |       |       |       |       |       ||     1
       Petrified         |       |       |       |       |       |    10 |       ||    10
  Eat: Chunk             |     1 |     3 |    11 |    21 |    39 |    23 |    15 ||   113
       Ration            |       |     1 |       |     2 |     4 |     5 |     2 ||    14
Armor: Scale mail        |    40 |    69 |    77 |       |       |       |       ||   186
       Plate armour      |       |       |    81 |   300 |   588 |   569 |   275 ||  1813
Dodge: Dodged            |    25 |    46 |    75 |   115 |   356 |   604 |   309 ||  1530
Block: Shield            |    44 |    78 |   133 |   227 |   720 |   733 |       ||  1935
       Reflection        |       |       |       |       |       |    96 |   103 ||   199
       Large shield      |       |       |       |       |       |   453 |  1213 ||  1666
